| TOP OF THE 1ST |
|
Canton Indians batting - Pitching for Brockton Rox : RHP Lukasha Sheigus
|
|
Pitching: RHP Lukasha Sheigus
|
|
|
Batting: RHB Kenzo Shinoda
|
0-0: Ball 1-0: Called Strike 1-1: Foul Ball, location: 2F 1-2: Strikes out looking
|
|
Batting: RHB Carlos Abrego
|
0-0: Ball 1-0: Called Strike 1-1: Foul Ball, location: 2F 1-2: Foul Ball, location: 2F 1-2: Fly out, F8 (Flyball, 8RXD, EV 105.6 MPH)
|
|
Batting: RHB Kevin Trull
|
0-0: Ground out U3 (Groundball, 34S, EV 71.2 MPH)
|
| Top of the 1st over - 0 runs, 0 hits, 0 errors, 0 left on base; Canton 0 - Brockton 0 |
| BOTTOM OF THE 1ST |
|
Brockton Rox batting - Pitching for Canton Indians : RHP Howard Allen
|
|
Pitching: RHP Howard Allen
|
|
|
Batting: RHB Sal Rivera
|
0-0: Ball 1-0: Called Strike 1-1: SINGLE (Groundball, 6S, EV 66.9 MPH) (infield hit)
|
|
Batting: LHB John Buff
|
0-0: Called Strike Sal Rivera steals 2nd base 0-1: Ball 1-1: Foul Ball, location: 2F 1-2: Foul Ball, location: 2F 1-2: SINGLE (Line Drive, 8LS, EV 90.0 MPH) Sal Rivera to third
|
|
Batting: RHB Ted Emmerich
|
0-0: Ball 1-0: Ball 2-0: SINGLE (Groundball, 6D, EV 104.4 MPH) Sal Rivera scores John Buff to second
|
|
Batting: LHB Carlos Guerra
|
0-0: Ball 1-0: Called Strike 1-1: Ball 2-1: DOUBLE (Groundball, 3L, EV 103.1 MPH) John Buff scores Ted Emmerich to third
|
|
Batting: LHB Danny Montoya
|
0-0: Ball 1-0: Called Strike 1-1: Ground out 4-3 (Groundball, 4D, EV 103.8 MPH) Ted Emmerich scores Carlos Guerra to third
|
|
Pitching: RHP Terry Sterling
|
|
|
Batting: RHB Jim Hubbard
|
0-0: Foul Ball, location: 2F 0-1: Ball 1-1: Foul Ball, location: 2F 1-2: SINGLE (Groundball, 13S, EV 67.5 MPH) (infield hit)
|
|
Batting: RHB Alex Melendez
|
0-0: Ball 1-0: Ball 2-0: Ball 3-0: Grounds into double play, 5-4-3 (Groundball, 56, EV 100.0 MPH)
|
| Bottom of the 1st over - 3 runs, 5 hits, 0 errors, 1 left on base; Canton 0 - Brockton 3 |
| TOP OF THE 2ND |
|
Canton Indians batting - Pitching for Brockton Rox : RHP Lukasha Sheigus
|
|
Batting: RHB John Bianconi
|
0-0: Called Strike 0-1: Ball 1-1: Swinging Strike 1-2: Strikes out swinging
|
|
Batting: RHB Ricky Butts
|
0-0: Ball 1-0: Fly out, F7 (Flyball, 7LM, EV 77.5 MPH)
|
|
Batting: RHB Jason Roberts
|
0-0: Ground out 4-3 (Groundball, 4, EV 104.4 MPH)
|
| Top of the 2nd over - 0 runs, 0 hits, 0 errors, 0 left on base; Canton 0 - Brockton 3 |
| BOTTOM OF THE 2ND |
|
Brockton Rox batting - Pitching for Canton Indians : RHP Terry Sterling
|
|
Batting: RHB Josh Smith
|
0-0: Ball 1-0: Fly out, F8 (Flyball, 8RXD, EV 85.0 MPH)
|
|
Batting: RHB Travis Campbell
|
0-0: Ball 1-0: SINGLE (Groundball, 6MD, EV 98.1 MPH)
|
|
Batting: RHB Sal Rivera
|
0-0: Ball 1-0: Ball 2-0: Foul Ball, location: 2F 2-1: Swinging Strike 2-2: Strikes out swinging
|
|
Batting: LHB John Buff
|
0-0: Called Strike 0-1: Foul Ball, location: 2F 0-2: Strikes out swinging
|
| Bottom of the 2nd over - 0 runs, 1 hit, 0 errors, 1 left on base; Canton 0 - Brockton 3 |
| TOP OF THE 3RD |
|
Canton Indians batting - Pitching for Brockton Rox : RHP Lukasha Sheigus
|
|
Batting: RHB Eric Kuck
|
0-0: Ball 1-0: Called Strike 1-1: Foul Ball, location: 2F 1-2: Strikes out looking
|
|
Batting: RHB Steve Gusman
|
0-0: Ball 1-0: Ball 2-0: Ball 3-0: Base on Balls
|
|
Batting: LHB Justin Eargle
|
0-0: Ball 1-0: Foul Ball, location: 2F 1-1: SINGLE (Flyball, 78S, EV 86.2 MPH) Steve Gusman to second
|
|
Batting: RHB Kenzo Shinoda
|
0-0: Ball 1-0: Called Strike 1-1: Ball 2-1: Called Strike 2-2: Foul Ball, location: 2F 2-2: Strikes out swinging
|
|
Batting: RHB Carlos Abrego
|
0-0: Called Strike 0-1: Fly out, F9 (Flyball, 89D, EV 98.8 MPH)
|
| Top of the 3rd over - 0 runs, 1 hit, 0 errors, 2 left on base; Canton 0 - Brockton 3 |
| BOTTOM OF THE 3RD |
|
Brockton Rox batting - Pitching for Canton Indians : RHP Terry Sterling
|
|
Pitching: RHP Chris Cohen
|
|
|
Batting: RHB Ted Emmerich
|
0-0: Ball 1-0: Called Strike 1-1: Ball 2-1: Swinging Strike 2-2: Foul Ball, location: 2F 2-2: Foul Ball, location: 2F 2-2: Strikes out swinging
|
|
Batting: LHB Carlos Guerra
|
0-0: Ball 1-0: Called Strike 1-1: Called Strike 1-2: Ground out 4-3 (Groundball, 4, EV 78.8 MPH)
|
|
Batting: LHB Danny Montoya
|
0-0: Swinging Strike 0-1: Called Strike 0-2: Strikes out swinging
|
| Bottom of the 3rd over - 0 runs, 0 hits, 0 errors, 0 left on base; Canton 0 - Brockton 3 |
| TOP OF THE 4TH |
|
Canton Indians batting - Pitching for Brockton Rox : RHP Lukasha Sheigus
|
|
Batting: RHB Kevin Trull
|
0-0: Called Strike 0-1: Foul Ball, location: 2F 0-2: Ball 1-2: Ball 2-2: Ball 3-2: Fly out, F8 (Flyball, 8RXD, EV 93.1 MPH)
|
|
Batting: RHB John Bianconi
|
0-0: Fly out, F9 (Flyball, 9LM, EV 104.4 MPH)
|
|
Batting: RHB Ricky Butts
|
0-0: Ball 1-0: Called Strike 1-1: Ground out 5-3 (Groundball, 56D, EV 80.0 MPH)
|
| Top of the 4th over - 0 runs, 0 hits, 0 errors, 0 left on base; Canton 0 - Brockton 3 |
| BOTTOM OF THE 4TH |
|
Brockton Rox batting - Pitching for Canton Indians : RHP Chris Cohen
|
|
Batting: RHB Jim Hubbard
|
0-0: Ball 1-0: Swinging Strike 1-1: Ball 2-1: Swinging Strike 2-2: Strikes out swinging, 2-3 out at first.
|
|
Pitching: RHP Nate Souza
|
|
|
Batting: RHB Alex Melendez
|
0-0: Ball 1-0: Fly out, F7 (Flyball, 78M, EV 88.8 MPH)
|
|
Batting: RHB Josh Smith
|
0-0: Ball 1-0: Ball 2-0: Ball 3-0: Base on Balls
|
|
Batting: RHB Travis Campbell
|
0-0: Ball 1-0: Foul Ball, location: 2F 1-1: Swinging Strike 1-2: Strikes out swinging
|
| Bottom of the 4th over - 0 runs, 0 hits, 0 errors, 1 left on base; Canton 0 - Brockton 3 |
| TOP OF THE 5TH |
|
Canton Indians batting - Pitching for Brockton Rox : RHP Lukasha Sheigus
|
|
Batting: RHB Jason Roberts
|
0-0: Ball 1-0: SINGLE (Flyball, 78S, EV 101.9 MPH)
|
|
Batting: RHB Eric Kuck
|
0-0: Ball Jason Roberts steals 2nd base 1-0: Ball 2-0: Foul Ball, location: 2F 2-1: Fly out, F4 (Popup, 4D, EV 45.0 MPH)
|
|
Batting: RHB Steve Gusman
|
0-0: Called Strike 0-1: Fly out, F4 (Flyball, 3D, EV 75.6 MPH)
|
|
Batting: LHB Justin Eargle
|
0-0: Ground out 4-3 (Groundball, 34, EV 83.1 MPH)
|
| Top of the 5th over - 0 runs, 1 hit, 0 errors, 1 left on base; Canton 0 - Brockton 3 |
| BOTTOM OF THE 5TH |
|
Brockton Rox batting - Pitching for Canton Indians : RHP Nate Souza
|
|
Batting: RHB Sal Rivera
|
0-0: Ball 1-0: Ball 2-0: Swinging Strike 2-1: Called Strike 2-2: Ball 3-2: Strikes out swinging
|
|
Batting: LHB John Buff
|
0-0: Called Strike 0-1: SINGLE (Groundball, 4MD, EV 104.4 MPH)
|
|
Batting: RHB Ted Emmerich
|
0-0: Called Strike 0-1: Fly out, F1 (Line Drive, P, EV 69.4 MPH)
|
|
Batting: LHB Carlos Guerra
|
0-0: Ball John Buff steals 2nd base 1-0: Foul Ball, location: 2F 1-1: SINGLE (Groundball, 34D, EV 106.9 MPH) John Buff to third Runner from 3rd tries for Home, SAFE, throw by RF to home
|
|
Batting: LHB Danny Montoya
|
0-0: Ball 1-0: Called Strike 1-1: SINGLE (Groundball, 25, EV 66.9 MPH) (infield hit) Carlos Guerra to second
|
|
Batting: RHB Jim Hubbard
|
0-0: Ball 1-0: Called Strike 1-1: Foul Ball, location: 2F 1-2: Strikes out swinging
|
| Bottom of the 5th over - 1 run, 3 hits, 0 errors, 2 left on base; Canton 0 - Brockton 4 |
| TOP OF THE 6TH |
|
Canton Indians batting - Pitching for Brockton Rox : RHP Lukasha Sheigus
|
|
Batting: RHB Kenzo Shinoda
|
0-0: Fly out, F8 (Line Drive, 8RM, EV 98.8 MPH)
|
|
Batting: RHB Carlos Abrego
|
0-0: Fly out, F7 (Flyball, 7D, EV 108.8 MPH)
|
|
Batting: RHB Kevin Trull
|
0-0: Called Strike 0-1: Ball 1-1: Foul Ball, location: 2F 1-2: Strikes out swinging
|
| Top of the 6th over - 0 runs, 0 hits, 0 errors, 0 left on base; Canton 0 - Brockton 4 |
| BOTTOM OF THE 6TH |
|
Brockton Rox batting - Pitching for Canton Indians : RHP Nate Souza
|
|
Batting: RHB Alex Melendez
|
0-0: Ball 1-0: Ball 2-0: Called Strike 2-1: Fly out, F7 (Flyball, 7LM, EV 76.9 MPH)
|
|
Batting: RHB Josh Smith
|
0-0: Ball 1-0: Ball 2-0: Foul Ball, location: 2F 2-1: Swinging Strike 2-2: Foul Ball, location: 2F 2-2: Strikes out swinging
|
|
Batting: RHB Travis Campbell
|
0-0: Called Strike 0-1: Ball 1-1: Swinging Strike 1-2: Foul Ball, location: 2F 1-2: Strikes out looking
|
| Bottom of the 6th over - 0 runs, 0 hits, 0 errors, 0 left on base; Canton 0 - Brockton 4 |
| TOP OF THE 7TH |
|
Canton Indians batting - Pitching for Brockton Rox : RHP Lukasha Sheigus
|
|
Batting: RHB John Bianconi
|
0-0: DOUBLE (Line Drive, 9LM, EV 100.0 MPH)
|
|
Batting: RHB Ricky Butts
|
0-0: Called Strike 0-1: Ball 1-1: Ball 2-1: Swinging Strike 2-2: Strikes out swinging
|
|
Batting: RHB Jason Roberts
|
0-0: Swinging Strike 0-1: Called Strike 0-2: Ball 1-2: Ball 2-2: DOUBLE (Line Drive, 78M, EV 93.1 MPH) John Bianconi scores
|
|
Batting: RHB Eric Kuck
|
0-0: Called Strike Jason Roberts is caught stealing 3rd base 2-5 0-1: Ball 1-1: Swinging Strike 1-2: Strikes out looking
|
| Top of the 7th over - 1 run, 2 hits, 0 errors, 0 left on base; Canton 1 - Brockton 4 |
| BOTTOM OF THE 7TH |
|
Brockton Rox batting - Pitching for Canton Indians : RHP Nate Souza
|
|
Batting: RHB Sal Rivera
|
0-0: Ball 1-0: Ball 2-0: Swinging Strike 2-1: Called Strike 2-2: Strikes out swinging
|
|
Batting: LHB John Buff
|
0-0: Called Strike 0-1: Called Strike 0-2: Ball 1-2: Ball 2-2: DOUBLE (Line Drive, 7LD, EV 102.5 MPH)
|
|
Batting: RHB Ted Emmerich
|
0-0: Ball 1-0: Ball 2-0: Foul Ball, location: 2F 2-1: DOUBLE (Line Drive, 7LS, EV 102.5 MPH) John Buff scores
|
|
Batting: LHB Carlos Guerra
|
0-0: Foul Ball, location: 2F 0-1: Ball 1-1: 2-RUN HOME RUN (Flyball, 9D, EV 96.2 MPH), Distance : 396 ft
|
|
Pitching: RHP Luke Burnham
|
|
|
Batting: LHB Danny Montoya
|
0-0: Called Strike 0-1: Swinging Strike 0-2: Fly out, F8 (Flyball, 78D, EV 96.2 MPH)
|
|
Batting: RHB Jim Hubbard
|
0-0: Ball 1-0: Swinging Strike 1-1: Called Strike 1-2: Ball 2-2: Ball 3-2: SINGLE (Line Drive, 6D, EV 96.2 MPH)
|
|
Batting: RHB Alex Melendez
|
0-0: Swinging Strike 0-1: Ball Jim Hubbard steals 2nd base 1-1: Swinging Strike 1-2: 2-RUN HOME RUN (Flyball, 7LD, EV 96.2 MPH), Distance : 363 ft
|
|
Batting: RHB Josh Smith
|
0-0: Fly out, F9 (Flyball, 9LM, EV 95.0 MPH)
|
| Bottom of the 7th over - 5 runs, 5 hits, 0 errors, 0 left on base; Canton 1 - Brockton 9 |
| TOP OF THE 8TH |
|
Canton Indians batting - Pitching for Brockton Rox : RHP Lukasha Sheigus
|
|
Batting: RHB Steve Gusman
|
0-0: Ball 1-0: Foul Ball, location: 2F 1-1: Called Strike 1-2: SINGLE (Groundball, 34D, EV 105.0 MPH)
|
|
Pitching: RHP Danny Marquez
|
|
|
Batting: LHB Justin Eargle
|
0-0: Called Strike 0-1: Swinging Strike 0-2: Ball 1-2: Ball 2-2: Ball 3-2: Strikes out swinging
|
|
Batting: RHB Kenzo Shinoda
|
0-0: Ball 1-0: Ground out 6-3 (Groundball, P, EV 81.9 MPH) Steve Gusman to second
|
|
Batting: RHB Carlos Abrego
|
0-0: Called Strike 0-1: Swinging Strike 0-2: Foul Ball, location: 2F 0-2: Strikes out looking
|
| Top of the 8th over - 0 runs, 1 hit, 0 errors, 1 left on base; Canton 1 - Brockton 9 |
| BOTTOM OF THE 8TH |
|
Brockton Rox batting - Pitching for Canton Indians : RHP Luke Burnham
|
|
Batting: RHB Travis Campbell
|
0-0: Ball 1-0: Ball 2-0: Called Strike 2-1: Ball 3-1: Called Strike 3-2: Foul Ball, location: 2F 3-2: SINGLE (Groundball, 56D, EV 95.0 MPH)
|
|
Pinch Hitting: LHB Mike Hutcheson
|
0-0: Ball 1-0: Foul Ball, location: 2F 1-1: Foul Ball, location: 2F 1-2: Foul Ball, location: 2F 1-2: Ball 2-2: Ball 3-2: Foul Ball, location: 2F 3-2: Foul Ball, location: 2F 3-2: Fielders Choice at 2nd, 4-6 (Groundball, 34, EV 100.6 MPH)
|
|
Batting: LHB John Buff
|
0-0: Swinging Strike 0-1: Called Strike 0-2: Ball 1-2: Fielders Choice at 2nd, 3-6 (Groundball, 34, EV 80.6 MPH)
|
|
Batting: RHB Ted Emmerich
|
0-0: Called Strike 0-1: Swinging Strike 0-2: DOUBLE (Flyball, 8LXD, EV 89.4 MPH) John Buff to third Runner from 3rd tries for Home, throw by CF and OUT! 8-6-2
|
| Bottom of the 8th over - 0 runs, 2 hits, 0 errors, 1 left on base; Canton 1 - Brockton 9 |
| TOP OF THE 9TH |
|
Canton Indians batting - Pitching for Brockton Rox : RHP Danny Marquez
|
|
Now at SS: Miguel Maymi
|
|
|
Now in RF: Ted Emmerich
|
|
|
Batting: RHB Kevin Trull
|
0-0: Ground out 4-3 (Groundball, 4, EV 96.9 MPH)
|
|
Batting: RHB John Bianconi
|
0-0: Called Strike 0-1: Ball 1-1: Ball 2-1: Swinging Strike 2-2: Ball 3-2: Foul Ball, location: 2F 3-2: Fly out, F7 (Flyball, 7S, EV 92.5 MPH)
|
|
Batting: RHB Ricky Butts
|
0-0: Ball 1-0: Called Strike 1-1: Swinging Strike 1-2: Ball 2-2: Strikes out swinging
|
| Top of the 9th over - 0 runs, 0 hits, 0 errors, 0 left on base; Canton 1 - Brockton 9 |
|